 Dungeon Crawl Stone Soup version 0.26-a0-1138-gef23d1325b (webtiles) character file.

Game seed: 13874536655321189490

8666 Adamkad1 the Blocker (level 11, 0/69 HPs)
             Began as a Gargoyle Fighter on Dec 21, 2020.
             Was an Initiate of Gozag.
             Slain by a slime creature (11 damage)
             ... on level 11 of the Dungeon.
             The game lasted 00:17:17 (11857 turns).

Adamkad1 the Blocker (Gargoyle Fighter)            Turns: 11857, Time: 00:17:18

Health: 0/69       AC: 19    Str: 22 (23) XL:     11   Next: 34%
Magic:  11/11      EV:  9    Int:  8 (9)  God:    Gozag
Gold:   1319       SH: 12    Dex:  9      Spells: 10/10 levels left

rFire    + . .     SeeInvis .   H - +0 whip (vamp)
rCold    + + .     Faith    .   c - +0 kite shield
rNeg     + . .     Spirit   .   b - +1 scale mail
rPois    ∞         Reflect  .   g - +1 hat
rElec    +         Harm     .   E - scarf {rC+ rF+}
rCorr    +         Rampage  .   p - +0 pair of gloves
Will     .....     Clarity  +   (no boots)
Stlth    ..........             (no amulet)
HPRegen  0.21/turn              u - ring of resist corrosion
MPRegen  0.12/turn              r - ring of protection from cold

@: gold aura
A: talons 1, clarity, deterioration 1, negative energy resistance 1, electricity
resistance, unbreathing, petrification resistance, miasma immunity, AC +8
a: Renounce Religion, Potion Petition, Call Merchant, Bribe Branch


You were on level 11 of the Dungeon.
You worshipped Gozag.
Gozag was most pleased with you.
You visited 2 branches of the dungeon, and saw 12 of its levels.

You collected 1441 gold pieces.
You paid 122 gold pieces to Gozag.

Inventory:

Hand Weapons
 a - a +0 flail
 B - a +1 whip of electrocution
 H - a +0 vampiric whip (weapon)
Armour
 b - a +1 scale mail (worn)
 c - a +0 kite shield (worn)
 e - a +0 helmet
 g - a +1 hat (worn)
 p - a +0 pair of gloves (worn)
 E - a scarf of resistance (worn)
Jewellery
 r - a ring of protection from cold (right hand)
 u - a ring of resist corrosion (left hand)
 y - an uncursed ring of protection from cold
 C - an uncursed ring of ice {unknown}
Wands
 t - a wand of paralysis (8)
 w - a wand of polymorph (6)
Scrolls
 i - 8 scrolls of identify
 j - 8 scrolls of remove curse
 l - 6 scrolls of teleportation
 o - 4 scrolls of enchant armour
 q - 2 scrolls of magic mapping
 s - 5 scrolls of amnesia {unknown}
 v - a scroll of blinking {unknown}
 x - a scroll of fear {unknown}
 D - a scroll of enchant weapon {unknown}
 F - a scroll of fog {unknown}
 J - a scroll of noise {unknown}
 L - a scroll of random uselessness {unknown}
Potions
 d - a potion of might
 f - 2 potions of invisibility
 h - 3 potions of berserk rage {unknown}
 k - a potion of magic {unknown}
 m - 3 potions of flight
 n - 4 potions of lignification {unknown}
 z - 3 potions of heal wounds
 A - 2 potions of curing {unknown}
 G - a potion of haste {unknown}
 I - a potion of cancellation {unknown}
 K - a potion of brilliance


   Skills:
 + Level 8.6 Fighting
 * Level 10.2 Maces & Flails
 + Level 8.4 Armour
 * Level 11.3 Shields


You had 10 spell levels left.
You didn't know any spells.
Your spell library contained the following spells:

 Spells                   Type           Power        Failure   Level
 Corona                   Hex            0%           85%         1
 Magic Dart               Conj           0%           85%         1
 Blink                    Tloc           N/A          94%         2
 Call Imp                 Summ           0%           94%         2
 Searing Ray              Conj           0%           94%         2
 Slow                     Hex            0%           94%         2
 Conjure Flame            Conj/Fire      0%           99%         3
 Dazzling Flash           Conj/Hex       0%           99%         3
 Inner Flame              Hex/Fire       0%           99%         3
 Mephitic Cloud           Conj/Pois/Air  0%           99%         3
 Portal Projectile        Hex/Tloc       0%           99%         3
 Cause Fear               Hex            0%           100%        4
 Fulminant Prism          Conj/Hex       0%           100%        4
 Iskenderun's Mystic Bla  Conj/Tloc      0%           100%        4
 Leda's Liquefaction      Hex/Erth       0%           100%        4


Dungeon Overview and Level Annotations

Branches:
Dungeon (11/15)            Temple (1/1) D:7            Lair (0/6) D:8
    Orc (0/2) D:10

Altars:
Elyvilon
Fedhas
Gozag
Hepliaklqana
Kikubaaqudgha
Makhleb
Okawaru
Qazlal
Ru
Sif Muna
Trog
Uskayaw
Vehumet
Wu Jian
Yredelemnul
Zin
The Shining One

Shops:
D:5 (   D:10 (?

Portals:
Ice
Cave: D:11
Gauntlet: D:11

Annotations:
D:4 3 runed translucent doors, rlgrobin's ghost, weakling KoDe


Innate Abilities, Weirdness & Mutations

You are resistant to torment.
Your stone body is resilient. (AC +8)
You are immune to poison.
You resist negative energy. (rN+)
You are resistant to electric shocks. (rElec)
You can survive without breathing.
You are immune to petrification.
You are immune to miasma.
You have sharp toenails.
You possess an exceptional clarity of mind.
Your body sometimes deteriorates upon taking damage.


Message History

You hit the slime creature.
You kill the slime creature!
The slime creature hits you.
* * * LOW HITPOINT WARNING * * *
You block the slime creature's attack. x2
The slime creature becomes distracted by the nearby gold, dreaming of imaginary riches.
The slime creature quivers.
You block the slime creature's attack.
You barely miss the slime creature.
A wight comes into view.
It is wielding a +1 battleaxe of freezing.
The slime creature hits you but does no damage. x2
The slime creature becomes distracted by the nearby gold, dreaming of imaginary riches.
The slime creature quivers.
You barely miss the slime creature.
The slime creature is no longer distracted by gold.
You hit the slime creature.
The slime creature is lightly wounded.
The slime creature hits you!
You die...
Your body crumbles into a pile of gold.

..*****#######...........,,,,,*
..,,,,,.................,,,,,,*
..,,,,,...............#******,*
*******###............# *.#
*******###............# #.#
,,,,,,,!..............#####*#.#
,,,,,,,....................,..#
*,,****###.................,..#
*,,* #....JJ@...#######*#.#
,,,*****##.(...JJz..#########.#
,,,,,,,,.......$$..........<..#
,,,,,,,.#######$#############.#
,,,,,,,,* #.# #.# ,,,,,,,,* #.#
#J# ,,,,,,,.#######z# #.#
,,,,,,,.........#############.#
,,,,,,,...................J...#


You could see 4 slime creatures and 2 wights.

Vanquished Creatures
  Harold (D:8)
  Pikel (D:7)
  A cyclops (D:9)
  A centaur zombie (D:10)
  Psyche (D:8)
  A komodo dragon (D:8)
  Prince Ribbit (D:8)
  Grinder (D:4)
  2 slime creatures (D:11)
  2 shadows (D:10)
  4 yaks (D:9)
  Sigmund (D:5)
  3 orc warriors
  2 sky beasts
  An ice beast (D:5)
  2 ogres
  2 phantoms
  3 centaurs
  A lemure (D:7)
  3 big kobolds
  5 bullfrogs
  A scorpion (D:7)
  10 killer bees
  2 troll zombies (D:10)
  5 wights (D:8)
  A howler monkey (D:4)
  A quasit (D:7)
  4 hounds
  A bullfrog skeleton (D:10)
  4 orc priests
  4 centaur skeletons
  3 jellies
  Ijyb (D:3)
  5 iguanas
  9 worker ants
  5 orc wizards
  Natasha (thrice) (D:3)
  4 ogre zombies (D:10)
  2 hound skeletons
  2 worker ant zombies
  A howler monkey skeleton (D:8)
  12 gnolls
  13 adders
  3 shadow imps
  A white imp (D:5)
  5 ufetubi
  An ooze (D:5)
  An adder skeleton (D:6)
  7 worms
  2 dart slugs
  8 leopard geckos
  24 orcs
  4 giant cockroaches
  10 goblins
  8 hobgoblins
  11 jackals
  30 kobolds
  5 quokkas
  2 ball pythons
  A ball python zombie (D:5)
  6 bats
  14 frilled lizards
  A goblin skeleton (D:10)
  2 goblin zombies (D:10)
  2 hobgoblin zombies (D:10)
  A jackal zombie (D:5)
  3 orc skeletons (D:10)
  11 orc zombies (D:10)
  8 rats
303 creatures vanquished.

Vanquished Creatures (others)
  19 plants
19 creatures vanquished.

Grand Total: 322 creatures vanquished

Notes
Turn   | Place    | Note
-------+----------+-------------------------------------------
     0 | D:1      | Adamkad1 the Gargoyle Fighter began the quest for the Orb.
     0 | D:1      | Reached XP level 1. HP: 14/14 MP: 1/1
   362 | D:1      | Reached XP level 2. HP: 19/19 MP: 2/2
   791 | D:1      | Reached XP level 3. HP: 22/23 MP: 3/3
  1441 | D:2      | Found a faded altar of an unknown god.
  1526 | D:2      | Reached skill level 4 in Shields
  1526 | D:2      | Reached XP level 4. HP: 25/29 MP: 4/4
  2166 | D:2      | Reached XP level 5. HP: 33/33 MP: 5/5
  2654 | D:3      | Noticed Ijyb
  2656 | D:3      | Noticed Natasha
  2661 | D:3      | Killed Ijyb
  2693 | D:3      | Killed Natasha
  2694 | D:3      | Reached XP level 6. HP: 16/38 MP: 6/6
  3157 | D:3      | Reached skill level 5 in Shields
  3336 | D:3      | Noticed Natasha
  3352 | D:3      | Killed Natasha
  3468 | D:3      | Noticed Natasha
  3478 | D:3      | Killed Natasha
  3848 | D:4      | Reached XP level 7. HP: 39/44 MP: 7/7
  3905 | D:4      | Noticed Grinder
  3913 | D:4      | Gained mutation: Your body sometimes deteriorates upon
                  | taking damage. [potion of mutation]
  3913 | D:4      | Gained mutation: You possess an exceptional clarity of
                  | mind. [potion of mutation]
  3913 | D:4      | Gained mutation: You have sharp toenails. [potion of
                  | mutation]
  3919 | D:4      | Paralysed by Grinder for 3 turns
  3929 | D:4      | Killed Grinder
  3930 | D:4      | Reached skill level 6 in Shields
  3970 | D:4      | Reached skill level 5 in Maces & Flails
  4115 | D:4      | Reached skill level 5 in Fighting
  4117 | D:4      | Reached skill level 5 in Armour
  4306 | D:4      | Found a runed translucent gate.
  4309 | D:4      | Found a runed translucent gate.
  4309 | D:4      | Found a runed translucent gate.
  4311 | D:4      | Noticed rlgrobin's ghost (weakling KoDe)
  4508 | D:5      | Entered Level 5 of the Dungeon
  4582 | D:5      | Reached XP level 8. HP: 34/49 MP: 8/8
  4869 | D:5      | Noticed Sigmund
  4918 | D:5      | Killed Sigmund
  5496 | D:5      | Reached skill level 7 in Shields
  5572 | D:5      | Found Wite Fuu's Antique Weapon Shoppe.
  6170 | D:6      | Reached XP level 9. HP: 49/55 MP: 9/9
  6637 | D:6      | Reached skill level 8 in Shields
  7256 | D:7      | Got a faintly glowing buckler
  7258 | D:7      | Identified the cursed +0 buckler of Disguise {rF+ Will+++
                  | rCorr Int-2} (You found it on level 7 of the Dungeon)
  7369 | D:7      | Noticed Pikel
  7394 | D:7      | Killed Pikel
  7670 | D:7      | Found a staircase to the Ecumenical Temple.
  7710 | Temple   | Entered the Ecumenical Temple
  7750 | Temple   | Became a worshipper of Gozag Ym Sagoz the Greedy
  7968 | D:8      | Reached skill level 9 in Shields
  7988 | D:8      | Noticed Prince Ribbit
  8018 | D:8      | Noticed Harold
  8037 | D:8      | Killed Harold
  8038 | D:8      | Reached XP level 10. HP: 57/63 MP: 10/10
  8066 | D:8      | Killed Prince Ribbit
  8265 | D:8      | Found a white marble altar of Elyvilon.
  8333 | D:8      | Found a staircase to the Lair.
  8333 | D:8      | Noticed Psyche
  8343 | D:8      | Killed Psyche
  8344 | D:8      | Reached skill level 10 in Shields
  8937 | D:9      | Noticed a cyclops
  9902 | D:9      | Killed a cyclops
 10249 | D:9      | Reached XP level 11. HP: 68/68 MP: 11/11
 10340 | D:10     | Entered Level 10 of the Dungeon
 10421 | D:10     | Found Ruimp's Antique Weapon Shop.
 10471 | D:10     | Found a staircase to the Orcish Mines.
 10523 | D:10     | Reached skill level 11 in Shields
 10547 | D:10     | Reached skill level 10 in Maces & Flails
 11401 | D:10     | Found Daas's Magic Scroll Shop.
 11756 | D:11     | Found a frozen archway.
 11807 | D:11     | Found a gate leading to a gauntlet.
 11857 | D:11     | Slain by a slime creature

Illustrated notes

Levels and vault maps discovered:
D:1:      dpeg_arrival_rooms_c, layout_basic, lexackson_kobold_supper
D:2:      layout_loops_ring, chequers_ecumenical_altar_island,
          minmay_lizard_king
D:3:      layout_loops_ring, uniq_natasha, uniq_ijyb
D:4:      layout_loops_ring, ebering_ghost_rock_garden, uniq_grinder
D:5:      layout_rooms, serial_shops, nicolae_shop_crystal, uniq_sigmund
D:6:      layout_basic
D:7:      layout_layer_cave, minmay_temple_entry_junction, minmay_misc_feat_chi,
          minmay_fractal_squares_diagonal_5, uniq_pikel
D:8:      layout_basic, old_standard_altar, david_lair_shrubbed, uniq_psyche,
          uniq_prince_ribbit1, uniq_harold
D:9:      layout_basic, minmay_sticks_and_stones
D:10:     layout_rooms, zombieorc1_lemuel, serial_shops, shop, shop
D:11:     layout_long_grid, portal_ice_cave_entry_pillars_2,
          gauntlet_entry_generic, kennysheep_generic_room_10, uniq_maurice
Temple:   regret_index_temple_sigil_plot

Skill      XL: |  1  2  3  4  5  6  7  8  9 10 11 |
---------------+----------------------------------+-----
Shields        | 4 5 6 7 9 10 11 | 11.3
Maces & Flails | 3 4 5 6 8 9 10 | 10.2
Armour         | 4 5 7 8 |  8.4
Fighting       | 4 5 6 7 8 |  8.6

Action                   |  1- 3 |  4- 6 |  7- 9 | 10-12 || total
-------------------------+-------+-------+-------+-------++-------
Melee: Flail             |   155 |   343 |   376 |       ||   874
       Kick              |       |       |   103 |   189 ||   292
       Whip              |       |       |    64 |   550 ||   614
  Use: Scroll            |       |     3 |     1 |     2 ||     6
       Potion            |       |       |     6 |       ||     6
 Stab: Invisible         |       |       |     1 |       ||     1
       Distracted        |       |       |       |     2 ||     2
Armor: Scale mail        |   106 |   178 |   235 |   144 ||   663
Dodge: Dodged            |    68 |    86 |   139 |   108 ||   401
Block: Kite shield       |   112 |   171 |   277 |   284 ||   844

Table legend: (Time is in decaauts)
 A = Elapsed time spent in this place.
 B = Non-inter-level travel time spent in this place.
 C = Inter-level travel time spent in this place.
 D = Time resting spent in this place.
 E = Time spent auto-exploring this place.
 F = Levels seen in this place.
 G = Mean time per level.
                   A        B        C        D        E       F      G
               +--------+--------+--------+--------+--------+-----+--------+
         Total |  11878 |  11493 |    385 |   2398 |   6291 |  12 |  989.8 |
       Dungeon |  11821 |  11448 |    373 |   2398 |   6253 |  11 | 1074.6 |
        Temple |     56 |     44 |     12 |      0 |     38 |   1 |   56.0 |
               +--------+--------+--------+--------+--------+-----+--------+

Top non-repeatable levels by time:
     D:1: 1482 daAuts
     D:3: 1311 daAuts
     D:4: 1294 daAuts
     D:8: 1278 daAuts
    D:10: 1272 daAuts
     D:7: 1140 daAuts
     D:9: 1037 daAuts
     D:2: 1002 daAuts
     D:5: 1000 daAuts
     D:6: 871 daAuts
    D:11: 129 daAuts
  Temple: 56 daAuts
